 Dungeon Crawl Stone Soup version 0.31.0-11-ge490571c62 (webtiles) character file.

Game seed: 11299452459443748118

931 qw the Skirmisher (level 7, -2/35 HPs)
             Began as a Spriggan Hunter on Feb 4, 2024.
             Incinerated by a bombardier beetle (5 damage)
             ... with a burning spray
             ... on level 6 of the Dungeon.
             The game lasted 00:00:16 (3483 turns).

qw the Skirmisher (Spriggan Hunter)                 Turns: 3483, Time: 00:00:16

Health: -2/35      AC:  3    Str:  7    XL:     7   Next: 86%
Magic:  8/8        EV: 37    Int: 11    God:
Gold:   121        SH:  0    Dex: 20    Spells: 6/6 levels left

rFire   . . .        a - +1 shortbow
rCold   . . .        (shield currently unavailable)
rNeg    . . .        e - +1 robe "Nuehanel" {Archmagi}
rPois   .            (helmet restricted)
rElec   .            (no cloak)
rCorr   .            (gloves unavailable)
SInv    +            (boots unavailable)
Will    +....        j - amulet of the acrobat
Stlth   +            (no ring)
HPRegen 0.25/turn    (no ring)
MPRegen 0.11/turn

%: acrobat, archmagi
@: on fire, acrobatic, glowing, very quick
A: very small, no large weapons, unfitting armour, see invisible, speed 3
a: no special abilities


You were on level 6 of the Dungeon.
You visited 1 branch of the dungeon, and saw 6 of its levels.

You collected 324 gold pieces.
You spent 203 gold pieces at shops.


Innate Abilities, Weirdness & Mutations

You are very small and have problems with some larger weapons.
You are too small for most types of armour.
You have supernaturally acute eyesight. (SInv)
You cover ground extremely quickly. (Speed+++)


   Skills:
 + Level 2.4 Fighting
 - Level 8.0 Ranged Weapons
 - Level 7.5 Dodging
 - Level 1.5 Stealth


You had 6 spell levels left.
You didn't know any spells.
Your spell library was empty.

Inventory:

Hand Weapons
 a - a +1 shortbow (weapon)
Armour
 e - the +1 robe "Nuehanel" (worn) {Archmagi}
   (You found it on level 5 of the Dungeon)

   Archmagi:  It increases the power of your magical spells.
Jewellery
 j - an amulet of the acrobat (around neck)
Wands
 d - a wand of quicksilver (7)
Scrolls
 i - a scroll of identify
 l - a scroll of teleportation
Potions
 b - a potion of enlightenment
 f - 3 potions of curing
 h - a potion of haste
 k - a potion of mutation
 o - a potion of cancellation

Dungeon Overview and Level Annotations

Branches:
Dungeon (6/15)
 Temple: D:4-7

Altars:
Elyvilon
Uskayaw
Wu Jian
Zin

Shops:
D:5 ?


Message History

You shoot an arrow.
The arrow closely misses the bombardier beetle.
You shoot an arrow. The arrow hits the bombardier beetle.
The bombardier beetle is severely wounded.
The bombardier beetle sprays incendiary fluid at you.
The burning spray misses you.
You shoot an arrow.
The arrow hits the bombardier beetle but does no damage.
The bombardier beetle is severely wounded.
You shoot an arrow.
The arrow hits the bombardier beetle but does no damage.
The bombardier beetle is severely wounded.
The bombardier beetle bites you.
You shoot an arrow. The arrow hits the bombardier beetle.
The bombardier beetle is almost dead.
The bombardier beetle sprays incendiary fluid at you.
The burning spray hits you.
You are covered in liquid fire!
You shoot an arrow. The arrow hits the bombardier beetle.
You kill the bombardier beetle!
The liquid fire burns you!
You are on fire!
The liquid fire burns you!
You are on fire!
The liquid fire burns you!
You are on fire!
The liquid fire burns you!
You are on fire!
The liquid fire burns you!
You are on fire!
The liquid fire burns you!
You are on fire!
The liquid fire burns you!
You are on fire!
The liquid fire burns you!
You are on fire!
The liquid fire burns you!
You are on fire!
The liquid fire burns you!
You die...

##..# ...<# ##
...... .... ....#
#....#####....#
#....(.#......#
#........%..#
#.###+##@##+###
#.#.....#.....#
#.#.....#.....#
####.'##'##'##+##+
#....#..#.....#..#
+....#..#+###+#..#
#..###..#.....#..#
#!...+..+.._..+..+
#....#.)#.....#..#


There were no monsters in sight!

Vanquished Creatures
  An ice beast (D:6)
  3 ogres
  2 scorpions
  3 bombardier beetles
  A hound (D:4)
  2 iguanas
  2 orc wizards
  8 gnolls
  8 adders
  A shadow imp (D:5)
  A dart slug (D:2)
  A ribbon worm (D:2)
  8 orcs
  5 endoplasms
  2 giant cockroaches
  8 goblins
  9 hobgoblins
  2 jackals (D:1)
  4 kobolds
  2 quokkas (D:3)
  4 ball pythons
  5 bats
  3 frilled lizards
  4 rats
89 creatures vanquished.

Notes
Turn   | Place    | Note
-------+----------+-------------------------------------------
     0 | D:1      | qw the Spriggan Hunter began the quest for the Orb.
     0 | D:1      | Reached XP level 1. HP: 10/10 MP: 2/2
     0 | D:1      | 0 ||| qw: Version: 0.3-a-160-g6735b56
     0 | D:1      | 0 ||| qw: Game counter: 4654
     0 | D:1      | 0 ||| qw: Melee chars always use a shield: true
     0 | D:1      | 0 ||| qw: God list: Okawaru
     0 | D:1      | 0 ||| qw: Allow faded altars: false
     0 | D:1      | 0 ||| qw: Do Orc after clearing Dungeon:15 true
     0 | D:1      | 0 ||| qw: Do second Lair branch before Depths: true
     0 | D:1      | 0 ||| qw: Lair rune preference: random
     0 | D:1      | 0 ||| qw: Goals: Normal
     0 | D:1      | 0 ||| PLANNING D:1-11
    16 | D:1      | Reached skill level 3 in Dodging
    86 | D:1      | Reached XP level 2. HP: 14/14 MP: 3/3
   556 | D:1      | 556 ||| READING 2 scrolls labelled LIS KIMMOUSUUS.
   556 | D:1      | 556 ||| IDENTIFYING fuming inky potion
   557 | D:1      | 557 ||| READING scroll of identify.
   557 | D:1      | 557 ||| IDENTIFYING scroll labelled EWEULOENWY
   558 | D:1      | 558 ||| DROPPING scroll of butterflies.
   559 | D:1      | 559 ||| DROPPING scroll of fear.
   560 | D:1      | 560 ||| DROPPING potion of attraction.
   619 | D:2      | Found a white marble altar of Elyvilon.
   698 | D:2      | Reached XP level 3. HP: 18/18 MP: 4/4
   817 | D:2      | Identified the +11 spear of Dim Light {venom, rElec Will-
                  | Str+8 Int-3}
  1146 | D:2      | 1146 ||| DROPPING +6 ring of intelligence.
  1147 | D:2      | 1147 ||| READING 2 scrolls of identify.
  1147 | D:2      | 1147 ||| IDENTIFYING clear potion
  1148 | D:2      | 1148 ||| READING scroll of identify.
  1148 | D:2      | 1148 ||| IDENTIFYING bubbling amethyst potion
  1149 | D:2      | 1149 ||| READING scroll labelled RETSAU ZISUTO.
  1153 | D:2      | 1153 ||| DROPPING potion of berserk rage.
  1220 | D:3      | Found a faded altar of an unknown god.
  1223 | D:3      | Reached skill level 5 in Ranged Weapons
  1274 | D:3      | Reached XP level 4. HP: 22/22 MP: 5/5
  1389 | D:3      | Found an ornate altar of the Wu Jian Council.
  1463 | D:3      | Found a glowing silver altar of Zin.
  1483 | D:3      | Reached XP level 5. HP: 26/26 MP: 6/6
  1677 | D:3      | 1677 ||| UPGRADING to amulet of the acrobat.
  1682 | D:3      | 1682 ||| READING scroll of identify.
  1682 | D:3      | 1682 ||| IDENTIFYING fuming sapphire potion
  1683 | D:3      | 1683 ||| READING scroll labelled ZOLEOCW VUTOSY.
  1696 | D:4      | 1696 ||| STAIRDANCE
  1719 | D:4      | 1719 ||| STAIRDANCE
  1746 | D:4      | 1746 ||| STAIRDANCE
  1804 | D:4      | 1804 ||| STAIRDANCE
  1884 | D:4      | 1884 ||| STAIRDANCE
  1892 | D:4      | 1892 ||| STAIRDANCE
  1957 | D:4      | 1957 ||| STAIRDANCE
  1967 | D:4      | 1967 ||| STAIRDANCE
  2052 | D:4      | Reached skill level 6 in Ranged Weapons
  2125 | D:4      | 2125 ||| FLEEEEING.
  2128 | D:4      | 2128 ||| FLEEEEING.
  2129 | D:4      | 2129 ||| FLEEEEING.
  2130 | D:4      | 2130 ||| FLEEEEING.
  2131 | D:4      | 2131 ||| FLEEEEING.
  2132 | D:4      | 2132 ||| FLEEEEING.
  2133 | D:4      | 2133 ||| FLEEEEING.
  2134 | D:4      | 2134 ||| FLEEEEING.
  2135 | D:4      | 2135 ||| FLEEEEING.
  2136 | D:4      | 2136 ||| FLEEEEING.
  2137 | D:4      | 2137 ||| FLEEEEING.
  2138 | D:4      | 2138 ||| FLEEEEING.
  2141 | D:4      | 2141 ||| FLEEEEING.
  2151 | D:4      | Reached XP level 6. HP: 30/30 MP: 7/7
  2333 | D:4      | Reached skill level 6 in Dodging
  2485 | D:4      | 2485 ||| READING 2 scrolls of identify.
  2485 | D:4      | 2485 ||| IDENTIFYING glowing cyan potion
  2486 | D:4      | 2486 ||| READING scroll of identify.
  2486 | D:4      | 2486 ||| IDENTIFYING puce potion
  2487 | D:4      | 2487 ||| READING scroll labelled PEOLEMN HEYJI ELA.
  2488 | D:4      | 2488 ||| READING scroll labelled JYFUW MUSA.
  2488 | D:4      | 2488 ||| ENCHANTING +0 shortbow.
  2489 | D:4      | 2489 ||| READING scroll labelled ZENYZI UTHRUATO.
  2490 | D:4      | 2490 ||| READING scroll labelled MUDWAM CEC KOY.
  2491 | D:4      | 2491 ||| READING scroll labelled NITIJUM ZARO.
  2492 | D:4      | 2492 ||| DROPPING potion of magic.
  2494 | D:5      | Entered Level 5 of the Dungeon
  2542 | D:5      | Identified the +1 robe "Nuehanel" {Archmagi}
  2745 | D:5      | Found a hide-covered altar of Uskayaw.
  2794 | D:5      | Found Busmiud's Magic Scroll Shoppe.
  2799 | D:5      | 2799 ||| BUYING scroll of enchant weapon (82 gold).
  2799 | D:5      | Bought a scroll of enchant weapon for 82 gold pieces
  2799 | D:5      | 2799 ||| BUYING scroll of identify (22 gold).
  2799 | D:5      | Bought a scroll of identify for 22 gold pieces
  2799 | D:5      | 2799 ||| BUYING scroll of identify (22 gold).
  2799 | D:5      | Bought a scroll of identify for 22 gold pieces
  2799 | D:5      | 2799 ||| BUYING scroll of identify (22 gold).
  2799 | D:5      | Bought a scroll of identify for 22 gold pieces
  2799 | D:5      | 2799 ||| BUYING scroll of identify (22 gold).
  2799 | D:5      | Bought a scroll of identify for 22 gold pieces
  2799 | D:5      | 2799 ||| BUYING scroll of teleportation (33 gold).
  2799 | D:5      | Bought a scroll of teleportation for 33 gold pieces
  2799 | D:5      | 2799 ||| READING scroll of enchant weapon.
  2799 | D:5      | 2799 ||| ENCHANTING +0 shortbow.
  2817 | D:5      | Reached skill level 7 in Ranged Weapons
  2817 | D:5      | Reached XP level 7. HP: 35/35 MP: 8/8
  3189 | D:5      | 3189 ||| UPGRADING to +1 robe "Nuehanel" {Archmagi}.
  3199 | D:5      | 3199 ||| DROPPING +0 robe.
  3200 | D:5      | 3200 ||| READING 4 scrolls of identify.
  3200 | D:5      | 3200 ||| IDENTIFYING glowing puce potion
  3201 | D:5      | 3201 ||| READING 3 scrolls of identify.
  3201 | D:5      | 3201 ||| IDENTIFYING fizzy green potion
  3202 | D:5      | 3202 ||| READING 2 scrolls of identify.
  3202 | D:5      | 3202 ||| IDENTIFYING glowing ruby potion
  3203 | D:5      | 3203 ||| DROPPING potion of brilliance.
  3219 | D:6      | HP: 3/35 [ogre/+0 giant spiked club (32)]
  3220 | D:6      | 3220 ||| READING 2 scrolls of teleportation.
  3355 | D:6      | Found a white marble altar of Elyvilon.
  3466 | D:6      | Reached skill level 8 in Ranged Weapons
  3481 | D:6      | HP: 6/35 [burnt (5)]
  3483 | D:6      | Incinerated by a bombardier beetle

Levels and vault maps discovered:
D:1:      amcnicky_arrival_wind_blow, layout_basic,
          chequers_serial_rivers_micro_d
D:2:      layout_loops_ring, basic_altar
D:3:      layout_rooms, mainiacjoe_overflow_surrounded_room,
          pdpol_wu_jian_five_deadly_venoms, nicolae_ecumenical_pavilion,
          solitary_fountain, nrook_mini_vaults
D:4:      layout_rooms
D:5:      layout_basic, nicolae_uskayaw_murder_on_the_dancefloor, serial_shops,
          nicolae_shop_just_a_little_nook, due_unseen_surprise
D:6:      layout_basic, mainiacjoe_overflow_24_doors, kennysheep_slug_shrine,
          minmay_temple_entry_sparse_star, lightli_corner_chamber,
          uniq_prince_ribbit1

Skill      XL: |  1  2  3  4  5  6  7 |
---------------+----------------------+-----
Dodging        | 3 4 5 6 7 |  7.5
Ranged Weapons | 5 6 7 8 |  8.0
Fighting       | 2 |  2.4
Stealth        | |  1.5

Action                     |  1- 3 |  4- 6 |  7- 9 || total
---------------------------+-------+-------+-------++-------
   Fire: Shortbow          |   112 |   180 |    36 ||   328
    Use: Scroll            |     5 |    10 |     4 ||    19
 Armour: Robe              |     7 |    22 |     2 ||    31
  Dodge: Dodged            |    40 |    84 |    13 ||   137

Table legend:
 A = Non-vault XP
 B = Vault XP
 C = Vault XP percentage of total XP
 D = Non-vault monster count
 E = Vault monster count
 F = Vault count percentage of total count
                 A         B        C        D         E       F
            +---------+---------+-------+---------+---------+-------
      Total |    1330 |       0 |   0.0 |      89 |       0 |   0.0
            +---------+---------+-------+---------+---------+-------
        D:1 |      29 |       0 |   0.0 |      17 |       0 |   0.0
        D:2 |      50 |       0 |   0.0 |      14 |       0 |   0.0
        D:3 |     212 |       0 |   0.0 |      26 |       0 |   0.0
        D:4 |     193 |       0 |   0.0 |      19 |       0 |   0.0
        D:5 |     447 |       0 |   0.0 |       9 |       0 |   0.0
        D:6 |     399 |       0 |   0.0 |       4 |       0 |   0.0
            +---------+---------+-------+---------+---------+-------
